Map: Berlingrad LE

Players

Totoro

  • Race: Terran Terran
  • League: Master

thrrepoint - Winner!

  • Race: Zerg Zerg
  • League: Master

VOD

Have the link to the VOD?

Description

Time

  • Played on: March 23, 2022, 5:28 a.m.
  • Length: 10:31
Show
View Real Time Build Order
Export as new Build Order

Totoro Terran 

Build Orders: Reaper Expand 

Get SALT Encoding   

  12  0:00  SCV  
  13  0:12  SCV  
  14  0:17  Supply Depot  
  14  0:24  SCV  
  15  0:38  SCV  
  15  0:40  Barracks  
  16  0:43  Refinery  
  16  0:50  SCV  
  17  1:03  SCV  
  18  1:15  SCV  
  19  1:27  Orbital Command, Reaper  
  20  1:39  Command Center  
  20  1:48  Supply Depot  
  20  1:53  SCV  
  21  1:59  Marine  
  22  2:06  Bunker  
  22  2:17  Bunker  
  22  2:18  Factory  
  22  2:25  Marine  
  22  2:28  SCV  
  24  2:32  Refinery  
  24  2:36  Supply Depot  
  24  2:43  Marine  
  21  3:07  Marine  
  21  3:10  Command Center, Factory Tech Lab, Starport  
  22  3:16  SCV  
  23  3:25  Marine  
  19  3:49  Supply Depot  
  19  4:05  Cyclone  
  19  4:09  SCV  
  23  4:14  Starport Tech Lab  
  23  4:20  Marine  
  23  4:21  SCV  
  26  4:36  Orbital Command  
  26  4:37  SCV  
  26  4:41  Banshee  
  29  4:49  SCV  
  30  4:53  Cloaking Field  
  29  5:01  SCV  
  30  5:10  Siege Tank  
  33  5:14  SCV  
  33  5:16  Orbital Command  
  34  5:24  Banshee  
  34  5:26  SCV  
  38  5:38  SCV  
  39  5:43  SCV  
  40  5:50  SCV  
  40  5:52  Siege Tank, Marine  
  40  5:55  SCV  
  46  5:57  Supply Depot  
  40  6:13  Marine  
  38  6:21  SCV x2  
  39  6:26  Command Center  
  40  6:33  SCV x2  
  41  6:42  Starport Reactor  
  41  6:45  SCV x2  
  43  6:54  Barracks  
  43  6:57  SCV, Stimpack  
  43  6:58  SCV  
  45  7:06  Barracks  
  45  7:10  SCV x2  
  45  7:12  Engineering Bay  
  47  7:22  SCV x2  
  49  7:28  Marine  
  49  7:29  Siege Tank  
  53  7:34  SCV  
  54  7:37  SCV, Supply Depot  
  54  7:40  Starport Reactor  
  55  7:46  SCV, Marine  
  55  7:49  SCV, Orbital Command  
  59  7:55  Barracks Reactor  
  58  8:02  SCV x2, Supply Depot x2  
  60  8:06  Refinery  
  60  8:07  Refinery  
  60  8:10  Terran Infantry Weapons Level 1, Engineering Bay, Marine  
  60  8:11  Marine x2  
  60  8:12  Supply Depot  
  63  8:14  SCV x2  
  63  8:15  SCV  
  63  8:25  Medivac x2  
  67  8:28  Siege Tank, Marine x2  
  67  8:29  Marine  
  73  8:34  Missile Turret  
  73  8:35  Missile Turret  
  73  8:41  Orbital Command  
  73  8:43  SCV, Missile Turret  
  73  8:44  SCV  
  73  8:46  Marine  
  73  8:47  Marine x4  
  80  8:56  SCV x2  
  80  8:57  Barracks  
  80  9:00  Barracks  
  82  9:04  Marine  
  82  9:05  Marine x2  
  82  9:07  SCV  
  82  9:08  SCV x2  
  86  9:17  Missile Turret  
  86  9:19  SCV  
  86  9:20  SCV  
  74  9:37  Siege Tank  
  77  9:42  Marine x5  
  77  9:43  Medivac  
  77  9:44  Medivac  
  82  9:59  Marine  
  82  10:00  Marine x2, Barracks Reactor  
Show
View Real Time Build Order
Export as new Build Order

thrrepoint Zerg - Winner!

Build Orders: Pool First 

Get SALT Encoding   

  12  0:17  Spawning Pool  
  11  0:22  Drone  
  11  0:27  Drone  
  13  0:32  Drone  
  14  0:36  Extractor  
  14  0:38  Drone  
  14  0:42  Extractor  
  13  0:47  Drone  
  14  1:05  Roach Warren, Drone  
  14  1:15  Overlord  
  14  1:37  Overlord  
  14  1:45  Roach x2  
  18  1:50  Roach  
  20  2:06  Ravager x2  
  22  2:10  Roach  
  24  2:19  Ravager  
  24  2:21  Drone x2  
  27  2:33  Ravager  
  27  2:34  Drone  
  29  2:49  Drone  
  30  2:56  Overlord  
  30  3:14  Queen  
  32  3:20  Hatchery  
  32  3:23  Drone  
  32  3:36  Metabolic Boost  
  32  3:38  Drone x2  
  34  3:47  Drone  
  35  4:02  Queen  
  37  4:15  Hatchery  
  36  4:23  Zergling x4  
  38  4:25  Overlord  
  38  4:32  Zergling x2  
  38  4:33  Zergling x2  
  38  4:34  Zergling x4  
  38  4:36  Zergling x2  
  43  4:46  Zergling x4  
  45  4:55  Zergling x2  
  45  4:59  Zergling x2  
  47  5:04  Zergling x2  
  48  5:10  Zergling x2  
  48  5:12  Zergling x4  
  48  5:13  Zergling x2  
  52  5:18  Overlord  
  52  5:24  Overlord  
  52  5:26  Queen  
  53  5:30  Drone x2  
  53  5:32  Drone  
  56  5:37  Drone  
  56  5:38  Overlord  
  57  5:44  Drone x2  
  57  5:45  Drone  
  57  5:49  Drone  
  61  5:51  Drone  
  61  5:53  Drone  
  63  6:00  Queen  
  64  6:06  Drone x2  
  64  6:07  Drone  
  64  6:09  Drone  
  64  6:10  Drone  
  56  6:16  Drone  
  56  6:18  Drone x2  
  51  6:19  Drone  
  51  6:23  Drone x3  
  50  6:30  Spore Crawler  
  49  6:35  Lair  
  49  6:36  Spore Crawler  
  49  6:38  Spore Crawler  
  47  6:43  Spore Crawler, Drone x2  
  47  6:45  Drone x2  
  49  6:49  Drone  
  49  6:50  Drone  
  49  6:53  Drone x3  
  54  6:54  Drone  
  54  6:55  Drone  
  54  6:57  Drone  
  54  6:58  Drone  
  54  7:00  Drone  
  59  7:01  Drone  
  59  7:02  Drone  
  59  7:04  Drone  
  59  7:06  Drone  
  63  7:11  Drone  
  63  7:12  Drone  
  63  7:15  Extractor  
  64  7:18  Extractor  
  64  7:19  Drone  
  62  7:24  Drone x3  
  62  7:27  Drone x5  
  62  7:29  Drone  
  71  7:32  Queen  
  71  7:33  Glial Reconstitution  
  71  7:34  Overlord  
  71  7:35  Extractor  
  71  7:36  Drone x2  
  74  7:37  Extractor, Evolution Chamber  
  74  7:38  Drone x2, Evolution Chamber  
  74  7:41  Drone  
  73  7:48  Overlord  
  73  7:49  Overseer  
  73  7:50  Drone x2  
  74  7:56  Queen  
  76  7:59  Roach x2  
  76  8:00  Roach  
  76  8:03  Overlord, Zerg Missile Weapons Level 1  
  82  8:07  Overlord  
  82  8:08  Roach  
  82  8:10  Roach  
  82  8:12  Zerg Ground Armor Level 1  
  86  8:13  Roach x2  
  90  8:21  Overlord  
  90  8:23  Roach  
  90  8:24  Roach  
  90  8:26  Ravager  
  95  8:33  Roach  
  95  8:34  Roach x2  
  101  8:37  Overlord x2  
  101  8:38  Overlord  
  101  8:42  Roach  
  101  8:44  Ravager x4  
  101  8:46  Roach x2  
  111  8:50  Hatchery  
  110  8:56  Roach x2  
  110  8:57  Roach x2  
  110  8:58  Roach x2  
  122  9:05  Roach x2  
  122  9:06  Roach x2  
  122  9:07  Roach x2  
  122  9:08  Roach  
  122  9:09  Overlord  
  136  9:12  Roach  
  136  9:17  Roach x2  
  134  9:21  Roach  
  127  9:25  Roach  
  127  9:26  Roach x2  
  127  9:27  Roach  
  134  9:31  Roach  
  134  9:32  Roach  
  134  9:34  Roach  
  134  9:36  Roach x2  
  134  9:38  Roach  
  144  9:41  Roach  
  144  9:44  Roach  
  142  9:48  Roach  
  142  9:51  Roach  
  144  9:55  Roach  
  144  9:57  Ravager x4  
  144  9:59  Overlord  
  142  10:00  Ravager  
  142  10:03  Roach  
  142  10:04  Roach x2  
  142  10:05  Roach  
  144  10:09  Roach x2  
  144  10:10  Roach  
  144  10:11  Roach  
Tags
 
Add a new tag
Caveats
  • Supply blocks, unpowered buildings, or Contaminate may cause inaccurate times.
  • Supply counts are checked every 10 seconds.